 Dungeon Crawl Stone Soup version 0.25-a0-479-g8579842fd4 (webtiles) character file.

Game seed: 1004925810459955080, levelgen mode: deterministic

69 TuydTheSenseless the Cudgeler (level 4, 9/35 HPs)
             Began as a Formicid Monk on Feb 9, 2020.
             Quit the game on level 2 of the Dungeon.
             The game lasted 00:05:53 (1655 turns).

TuydTheSenseless the Cudgeler (Formicid Monk)       Turns: 1655, Time: 00:05:53

Health: 9/35       AC:  3    Str: 15    XL:     4   Next: 42%
Magic:  4/4        EV: 13    Int: 11    God:
Gold:   105        SH:  0    Dex: 13    Spells: 3/3 levels left

rFire    . . .     SeeInvis +   g - +0 whip
rCold    . . .     Gourm    .   (no shield)
rNeg     . . .     Faith    .   b - +0 robe
rPois    .         Spirit   .   (helmet unavailable)
rElec    .         Reflect  .   (no cloak)
rCorr    .         Harm     .   (no gloves)
MR       .....                  k - +0 pair of boots
Stlth    ++........             (no amulet)
HPRegen  0.11/turn              (no ring)
MPRegen  0.09/turn              (no ring)

@: no status effects
A: permanent stasis, dig shafts and tunnels, four strong arms, antennae 3
a: Dig, Shaft Self


You were on level 2 of the Dungeon.
You were not hungry.

You visited 1 branch of the dungeon, and saw 2 of its levels.

You collected 105 gold pieces.

Inventory:

Hand Weapons
 a - a +0 mace
 e - a +0 dagger of venom
 g - a +0 whip (weapon)
Armour
 b - a +0 robe (worn)
 k - a +0 pair of boots (worn)
Wands
 l - a wand of paralysis (6)
 m - a wand of polymorph (13)
Scrolls
 h - 2 scrolls of enchant armour {unknown}
 j - a scroll of magic mapping {unknown}
 n - a scroll of noise {unknown}
Potions
 d - a potion of lignification {unknown}
 i - a potion of curing {unknown}
Comestibles
 c - 3 rations
 f - 5 chunks of flesh


   Skills:
 - Level 3.2 Fighting
 * Level 4.9 Maces & Flails
 - Level 2.6 Dodging
 - Level 2.4 Stealth


You had 3 spell levels left.
You didn't know any spells.
Your spell library was empty.

Dungeon Overview and Level Annotations

Branches:
Dungeon (2/15)

Altars:
Sif Muna


Innate Abilities, Weirdness & Mutations

You cannot be hasted, slowed, berserked, paralysed or teleported.
You can dig through walls and to a lower floor.
Your four strong arms can wield two-handed weapons with a shield.
You have a pair of large antennae on your head. (SInv)


Message History

The kobold is moderately wounded.
You closely miss the kobold.
The kobold is moderately wounded.
The kobold hits you with a +0 short sword.
You hit the kobold but do no damage.
The kobold is moderately wounded.
The kobold hits you with a +0 short sword.
You hit the kobold but do no damage.
The kobold is moderately wounded.
The kobold hits you with a +0 short sword.
* * * LOW HITPOINT WARNING * * *
You hit the kobold.
You kill the kobold!
d - a fuming coppery potion;
n - a scroll labeled OMYOWU SOUZ You now have 105 gold pieces (gained 16).
Things that are here:
a +0 short sword; 2 stones Quiver which item? (- for none, * to show all) (? for menu, Esc to quit)
Okay, then.
Are you sure you want to abandon this character and quit the game? (Confirm with "yes".)

#####.# ##### #...........)
##.... ...# #.###########
##...####### ###(####.#####
##..........##............#
##...>......##.#(####.###.#
##..........##.#.#......#.#
##..........##.#(#.#....#.# #...
.............#.#.#.#....#.# #...
##..............@#.#....#.# #...
##...............#.###..#.# #...
##...............#......#.# #...
#.........^.....#####.##.# #...
#...................#....# #...
#..............####.#########...
####...........####.............
########.#.....###########...
#.#####.#.............


There were no monsters in sight!

Vanquished Creatures
  Robin (D:2)
  An adder (D:2)
  A worm (D:2)
  3 leopard geckos
  A ball python (D:1)
  6 bats
  3 giant cockroaches
  8 goblins
  3 hobgoblins
  2 jackals (D:1)
  A quokka (D:2)
  2 frilled lizards (D:1)
  7 kobolds
  2 rats (D:1)
41 creatures vanquished.

Notes
Turn   | Place    | Note
-------+----------+-------------------------------------------
     0 | D:1      | TuydTheSenseless the Formicid Monk began the quest for the
                  | Orb.
     0 | D:1      | Reached XP level 1. HP: 18/18 MP: 1/1
   331 | D:1      | Reached XP level 2. HP: 18/24 MP: 2/2
   578 | D:1      | Reached skill level 4 in Maces & Flails
   578 | D:1      | Reached XP level 3. HP: 26/29 MP: 3/3
  1315 | D:2      | Found a shimmering blue altar of Sif Muna.
  1556 | D:2      | Identified the +5 helmet of Liberty {rC+ Int+6}
  1556 | D:2      | Noticed Robin
  1569 | D:2      | Killed Robin
  1569 | D:2      | Reached XP level 4. HP: 14/35 MP: 4/4
  1655 | D:2      | Quit the game

Levels and vault maps discovered:
D:1:      eino_arrival_cavern_d, layout_loops_ring
D:2:      layout_basic, old_standard_altar, uniq_robin

Skill      XL: |  1  2 |
---------------+-------+-----
Maces & Flails | 4 |  4.9
Fighting       | |  3.2
Dodging        | |  2.6
Stealth        | |  2.4

Action                   |  1- 3 |  4- 6 || total
-------------------------+-------+-------++-------
Melee: Mace              |    41 |       ||    41
       Whip              |    72 |    30 ||   102
  Use: Scroll            |     4 |       ||     4
       Potion            |     1 |       ||     1
 Stab: Sleeping          |     7 |       ||     7
  Eat: Chunk             |     2 |       ||     2
Armor: Robe              |    20 |     4 ||    24
Dodge: Dodged            |    91 |    13 ||   104

Table legend:
 A = Non-vault XP
 B = Vault XP
 C = Vault XP percentage of total XP
 D = Non-vault monster count
 E = Vault monster count
 F = Vault count percentage of total count
                 A         B        C        D         E       F
            +---------+---------+-------+---------+---------+-------
      Total |      74 |      25 |  25.3 |      34 |       7 |  17.1
            +---------+---------+-------+---------+---------+-------
        D:1 |      33 |       0 |   0.0 |      20 |       0 |   0.0
        D:2 |      41 |      25 |  37.9 |      14 |       7 |  33.3
            +---------+---------+-------+---------+---------+-------
